cohdb
Replays
Latest Replays
All Replays
Popular Replays
Top Player Replays
Match Explorer
How It Works
Community
CoH3 Stats
Reddit
Sign in to upload your games and track your stats! →
Sign in with Steam
Match 39910859
Unlisted
Match 39910859
Overview
Messages
Build Orders
End
Royal Engineer Section
Selects Air and Sea Battlegroup
Royal Engineer Section
Construct Section Command Post
Dingo Light Scout Car
Infantry Section
Construct Platoon Command Post
Humber Armored Car
Infantry Section
Selects Commando Section Paradrop
Selects Commando Support Section Paradrop
Grenade Package
Commando Section Paradrop
Construct Field Infirmary
Commando Support Section Paradrop
Infantry Training
Construct Company Command Post
Selects Supply Surplus
Selects UNKNOWN (223837)
Centaur IV Medium Tank
6-pounder Anti-tank Gun Team
Matilda II Heavy Tank
Armored Vehicle Training
Construct Resource Cache
Matilda II Heavy Tank
Selects Naval Bombardment
Commando Section Paradrop
Pepuz
Madfox
0
0
Comments
sign in to comment!
No comments posted yet!